 Dungeon Crawl Stone Soup version 0.31.0-9-g3a7656b989 (webtiles) character file.

Game seed: 2996493133451829673

62 LeprechaunX the Ducker (level 4, -3/30 HPs)
             Began as a Merfolk Air Elementalist on Jan 24, 2024.
             Slain by a gnoll
             ... wielding a +0 club
              (8 damage)
             ... on level 2 of the Dungeon.
             The game lasted 00:08:15 (1312 turns).

LeprechaunX the Ducker (Merfolk Air Elementalist)   Turns: 1312, Time: 00:08:16

Health: -3/30      AC:  3    Str:  8    XL:     4   Next: 8%
Magic:  1/7        EV: 13    Int: 16    God:
Gold:   60         SH:  0    Dex: 14    Spells: 4/7 levels left

rFire   . . .        b - +0 dagger (speed)
rCold   . . .        k - orb {mayhem}
rNeg    . . .        c - +0 robe
rPois   .            (no helmet)
rElec   .            (no cloak)
rCorr   .            m - +0 pair of gloves
SInv    .            (no boots)
Will    .....        (no amulet)
Stlth   ++           (no ring)
HPRegen 0.25/turn    (no ring)
MPRegen 0.10/turn

%: mayhem
@: no status effects
A: (nimble swimmer 2), mertail
a: no special abilities


You were on level 2 of the Dungeon.
You visited 1 branch of the dungeon, and saw 2 of its levels.

You collected 60 gold pieces.

Inventory:

Hand Weapons
 a - a +0 sling
 b - a +0 dagger of speed (weapon)
Missiles
 n - 2 boomerangs
Armour
 c - a +0 robe (worn)
 h - a +1 scale mail of willpower
 k - an orb of mayhem (worn)
 m - a +0 pair of gloves (worn)
Magical Staves
 f - a staff of death
Talismans
 l - a beast talisman
Scrolls
 g - 3 scrolls of amnesia {unknown}
 o - a scroll of identify {unknown}
Potions
 d - a potion of magic
 e - 2 potions of haste {unknown}
 i - a potion of might {unknown}
 j - 2 potions of heal wounds {unknown}


   Skills:
 - Level 0.5 Staves
 + Level 0.3 Armour
 - Level 3.1 Dodging
 - Level 2.5 Stealth
 + Level 2.3 Spellcasting
 + Level 1.4 Conjurations
 + Level 2.7 Air Magic
 + Level 1.0 Evocations


You had 4 spell levels left.
You knew the following spells:

 Your Spells              Type           Power      Damage    Failure   Level
a - Shock                 Conj/Air       32%        1d5       9%          1
b - Static Discharge      Conj/Air       16%        3-4/arc   13%         2

Your spell library contained the following spells:

 Spells                   Type           Power      Damage    Failure   Level
 Swiftness                Air            10%        N/A       19%         3
 Summon Ice Beast         Ice/Summ       1%         N/A       52%         3
 Airstrike                Air            5%         2d(1-17)  54%         4
 Summon Mana Viper        Hex/Summ       1%         N/A       99%         5
 Monstrous Menagerie      Summ           0%         N/A       100%        7


Dungeon Overview and Level Annotations

Branches:
Dungeon (2/15)

Altars:

Shops:
D:1 !


Innate Abilities, Weirdness & Mutations

((You are very nimble when in or above water. (Stealth+, EV+, Speed+++)))
Your lower body shifts to a powerful aquatic tail in water.


Message History

Aim: a gnoll, wielding a +0 halberd (moderately wounded, 72% to hit)
Okay, then.
Unknown command.
Casting: Shock (safe; 9% risk of failure)
Confirm with . or Enter, or press ? or * to list all spells.
Aiming: Shock (safe; 9% risk of failure)
Press: ? - help, Shift-Dir - straight line, f/p - gnoll
Aim: a gnoll, wielding a +0 halberd (moderately wounded, 72% to hit)
The zap hits the gnoll.
The gnoll is heavily wounded.
The zap hits the gnoll.
The gnoll is moderately wounded.
The zap hits the gnoll.
The gnoll is heavily wounded.
The zap hits the gnoll.
The gnoll is severely wounded.
The gnoll hits you from afar with a +2 spear of pain!
* * * LOW HITPOINT WARNING * * *
Casting: Shock (safe; 9% risk of failure)
Confirm with . or Enter, or press ? or * to list all spells.
Aiming: Shock (safe; 9% risk of failure)
Press: ? - help, Shift-Dir - straight line, f/p - gnoll
Aim: a gnoll, wielding a +0 halberd (severely wounded, 72% to hit)
The zap hits the gnoll but does no damage.
The gnoll is heavily wounded.
The zap hits the gnoll.
The gnoll is moderately wounded.
The zap hits the gnoll.
The gnoll is almost dead.
The zap hits the gnoll.
You kill the gnoll!
The gnoll flies into a frenzy!
The gnoll hits the gnoll with a +0 club!
The gnoll dies!
Your Evocations skill increases to level 1!
You have reached level 4!
Your hands tingle!
b - a +0 dagger of speed (weapon)
The gnoll hits you with a +0 club!
You die...

... #####†# #.# #$....#
#.# #.##### #.# ..# #.#
... ..# #)# #.# #.# #.#
#.# #.# #.####### #.#
#.# #.g@....# ##.###.#
#######.# # ##...##.#
########.#.#
#.#.#.#.####..........#
#.#..........######.###
#.###.#.###### #.#
###...##.# #.#
.........# #.#
########## #.#


You could see a neutral gnoll (fast, strong, frenzied).

Vanquished Creatures
  A gnoll (D:2)
  2 endoplasms (D:1)
  A giant cockroach (D:1)
  4 goblins
  6 hobgoblins
  4 jackals (D:2)
  2 kobolds
  A quokka (D:1)
  3 ball pythons
  8 bats
  3 frilled lizards (D:1)
  2 rats (D:1)
37 creatures vanquished.

Vanquished Creatures (collateral kills)
  A gnoll (D:2)
1 creature vanquished.

Grand Total: 38 creatures vanquished

Notes
Turn   | Place    | Note
-------+----------+-------------------------------------------
     0 | D:1      | LeprechaunX the Merfolk Air Elementalist began the quest
                  | for the Orb.
     0 | D:1      | Reached XP level 1. HP: 13/13 MP: 3/3
   135 | D:1      | Reached XP level 2. HP: 19/19 MP: 5/5
   147 | D:1      | Reached skill level 1 in Conjurations
   278 | D:1      | Reached skill level 3 in Dodging
   643 | D:1      | Reached XP level 3. HP: 24/24 MP: 2/6
   652 | D:1      | Learned a level 2 spell: Static Discharge
   782 | D:1      | Found Laghyum's Distillery.
  1310 | D:2      | Reached skill level 1 in Evocations
  1310 | D:2      | Reached XP level 4. HP: 4/30 MP: 1/7
  1312 | D:2      | Slain by a gnoll

Illustrated notes

Levels and vault maps discovered:
D:1:      lightli_arrival_statue_moat, layout_loops_ring, serial_shops, shop,
          minmay_tiny_reverse_x
D:2:      layout_loops_ring

Skill      XL: |  1  2  3 |
---------------+----------+-----
Conjurations   | 1 |  1.4
Dodging        | 3 |  3.1
Evocations     | 1 |  1.0
Staves         | |  0.5
Armour         | |  0.3
Stealth        | |  2.5
Spellcasting   | |  2.3
Air Magic      | |  2.7

Action                     |  1- 3 |  4- 6 || total
---------------------------+-------+-------++-------
  Melee: Unarmed           |    27 |       ||    27
         Staff             |    33 |       ||    33
         Punch             |     3 |       ||     3
         Dagger            |    54 |       ||    54
   Fire: Sling             |    16 |       ||    16
   Cast: Shock             |    28 |       ||    28
         Static Discharge  |     1 |       ||     1
   Stab: Sleeping          |     3 |       ||     3
 Armour: Robe              |    70 |     1 ||    71
  Dodge: Dodged            |    92 |       ||    92
         Form:             |     1 |       ||     1
         Beast             |     1 |       ||     1
